AA
WINNIPEG GOLDEYES @ WASHINGTON WHALERS
04/29/2099
 
TOP OF THE 1ST
Gary SouthShore RailCats batting - Pitching for Kansas City T-Bones : LHP Fernando Mendoza
Pitching: LHP Fernando Mendoza
Batting: RHB Matt Rogers 0-0: Called Strike
0-1: Called Strike
0-2: Foul Ball, location: 5FF
0-2: Ball
1-2: Strikes out swinging
Batting: RHB Victor Padilla 0-0: SINGLE (Line Drive, 8RS, EV 88.8 MPH)
Batting: RHB Alex Moreno 0-0: Ball
1-0: Swinging Strike
1-1: Foul Ball, location: 2F
1-2: Fielders Choice at 2nd, 6-4 (Groundball, 6, EV 106.3 MPH)
Batting: RHB Ray Gold 0-0: Swinging Strike
0-1: Ball
1-1: Fielders Choice at 2nd, 6-4 (Groundball, 6, EV 85.0 MPH)
Top of the 1st over - 0 runs, 1 hit, 0 errors, 1 left on base; Gary SouthShore 0 - Kansas City 0
BOTTOM OF THE 1ST
Kansas City T-Bones batting - Pitching for Gary SouthShore RailCats : RHP Doug Meyer
Pitching: RHP Doug Meyer
Batting: RHB Eric Webber 0-0: Called Strike
0-1: Ball
1-1: Ground out U3 (Groundball, 34S, EV 80.0 MPH)
Batting: RHB Sal Rodas 0-0: Fly out, F3 (Line Drive, 3, EV 68.1 MPH)
Batting: SHB David Janecek 0-0: Ball
1-0: Called Strike
1-1: Ball
2-1: Swinging Strike
2-2: Fly out, F8 (Line Drive, 8RM, EV 95.0 MPH)
Bottom of the 1st over - 0 runs, 0 hits, 0 errors, 0 left on base; Gary SouthShore 0 - Kansas City 0
TOP OF THE 2ND
Gary SouthShore RailCats batting - Pitching for Kansas City T-Bones : LHP Fernando Mendoza
Batting: RHB Andy Young 0-0: Called Strike
0-1: Ball
1-1: Called Strike
1-2: Foul Ball, location: 2F
1-2: Ball
2-2: Strikes out swinging
Batting: RHB Miguel Viera 0-0: Called Strike
0-1: Ball
1-1: Swinging Strike
1-2: Strikes out swinging
Batting: RHB Jesus Romero 0-0: Called Strike
0-1: Swinging Strike
0-2: Strikes out swinging
Top of the 2nd over - 0 runs, 0 hits, 0 errors, 0 left on base; Gary SouthShore 0 - Kansas City 0
BOTTOM OF THE 2ND
Kansas City T-Bones batting - Pitching for Gary SouthShore RailCats : RHP Doug Meyer
Batting: LHB Daniel Iglesias 0-0: Ball
1-0: Swinging Strike
1-1: Called Strike
1-2: Foul Ball, location: 23F
1-2: Foul Ball, location: 3SF
1-2: Ball
2-2: Fly out, F6 (Line Drive, 6, EV 67.5 MPH)
Batting: RHB Bryan Petrossian 0-0: Ball
1-0: Called Strike
1-1: SOLO HOME RUN (Flyball, 7D, EV 110.6 MPH), Distance : 416 ft
Batting: RHB Chris Linnemann 0-0: Ball
1-0: Called Strike
1-1: Called Strike
1-2: Ball
2-2: Fly out, F4 (Popup, 34D, EV 55.0 MPH)
Batting: LHB Rich Russell 0-0: Ball
1-0: Swinging Strike
1-1: Called Strike
1-2: Strikes out swinging
Bottom of the 2nd over - 1 run, 1 hit, 0 errors, 0 left on base; Gary SouthShore 0 - Kansas City 1
TOP OF THE 3RD
Gary SouthShore RailCats batting - Pitching for Kansas City T-Bones : LHP Fernando Mendoza
Batting: RHB Marty Herrera 0-0: Fly out, F8 (Flyball, 8RM, EV 87.5 MPH)
Batting: LHB Marco Landaverde 0-0: Ball
1-0: Ball
2-0: SINGLE (Flyball, 7S, EV 97.5 MPH)
Batting: RHB Matt Rogers 0-0: Ball
1-0: Called Strike
1-1: Ball
2-1: Ball
3-1: Foul Ball, location: 9LSF
3-2: Fly out, F8 (Flyball, 89M, EV 90.0 MPH)
Batting: RHB Victor Padilla 0-0: Fly out, F8 (Flyball, 8LD, EV 105.0 MPH)
Top of the 3rd over - 0 runs, 1 hit, 0 errors, 1 left on base; Gary SouthShore 0 - Kansas City 1
BOTTOM OF THE 3RD
Kansas City T-Bones batting - Pitching for Gary SouthShore RailCats : RHP Doug Meyer
Batting: SHB Jim Person 0-0: Fly out, F8 (Flyball, 8LXD, EV 102.5 MPH)
Batting: LHB Russ Hailer 0-0: Foul Ball, location: 5F
0-1: Ball
1-1: SINGLE (Line Drive, 6D, EV 100.6 MPH)
Batting: RHB Eric Webber 0-0: Called Strike
0-1: Ball
1-1: Foul Ball, location: 5FF
1-2: Ball
2-2: Ball
3-2: Fly out, F8 (Flyball, 8LD, EV 103.8 MPH)
Batting: RHB Sal Rodas 0-0: Called Strike
0-1: Fly out, F8 (Flyball, 89M, EV 81.3 MPH)
Bottom of the 3rd over - 0 runs, 1 hit, 0 errors, 1 left on base; Gary SouthShore 0 - Kansas City 1
TOP OF THE 4TH
Gary SouthShore RailCats batting - Pitching for Kansas City T-Bones : LHP Fernando Mendoza
Batting: RHB Alex Moreno 0-0: Called Strike
0-1: Ball
1-1: DOUBLE (Line Drive, 7LM, EV 88.1 MPH)
Batting: RHB Ray Gold 0-0: Called Strike
0-1: Ball
1-1: Ball
2-1: Foul Ball, location: 2LF
2-2: Ball
3-2: Strikes out looking
Batting: RHB Andy Young 0-0: Ball
1-0: Ball
2-0: Ball
3-0: Base on Balls
Batting: RHB Miguel Viera 0-0: Fly out, F7 (Line Drive, 7, EV 97.5 MPH)
Batting: RHB Jesus Romero 0-0: Ball
1-0: Foul Ball, location: 2F
1-1: Swinging Strike
1-2: Foul Ball, location: 9LMF
1-2: Ball
2-2: Ball
3-2: Base on Balls
Alex Moreno to third
Andy Young to second
Batting: RHB Marty Herrera 0-0: Ball
1-0: Ball
2-0: Ball
3-0: SINGLE (Groundball, 4MD, EV 102.5 MPH)
Alex Moreno scores
Andy Young to third
Jesus Romero to second
Runner from 3rd tries for Home, SAFE, throw by CF to home
Batting: LHB Marco Landaverde 0-0: Swinging Strike
0-1: Ball
Wild Pitch!
Jesus Romero to third
Marty Herrera to second
1-1: Called Strike
1-2: Fly out, F8 (Flyball, 8LD, EV 111.3 MPH)
Top of the 4th over - 2 runs, 2 hits, 0 errors, 2 left on base; Gary SouthShore 2 - Kansas City 1
BOTTOM OF THE 4TH
Kansas City T-Bones batting - Pitching for Gary SouthShore RailCats : RHP Doug Meyer
Batting: SHB David Janecek 0-0: Ball
1-0: Called Strike
1-1: Swinging Strike
1-2: Foul Ball, location: 2F
1-2: Ball
2-2: Foul Ball, location: 2F
2-2: Ball
3-2: Ground out 5-3 (Groundball, 56S, EV 62.5 MPH)
Batting: LHB Daniel Iglesias 0-0: Called Strike
0-1: Ball
1-1: Ball
2-1: Called Strike
2-2: SINGLE (Groundball, 4MD, EV 104.4 MPH)
Batting: RHB Bryan Petrossian 0-0: Fly out, F6 (Line Drive, 56, EV 94.4 MPH)
Batting: RHB Chris Linnemann 0-0: Ball
1-0: Ball
2-0: Fielders Choice at 2nd, 5-4 (Groundball, 56, EV 83.8 MPH)
Bottom of the 4th over - 0 runs, 1 hit, 0 errors, 1 left on base; Gary SouthShore 2 - Kansas City 1
TOP OF THE 5TH
Gary SouthShore RailCats batting - Pitching for Kansas City T-Bones : LHP Fernando Mendoza
Now at 1B: Eric Anderson
Batting: RHB Matt Rogers 0-0: Ball
1-0: Ground out 5-3 (Groundball, 56, EV 90.0 MPH)
Batting: RHB Victor Padilla 0-0: Ball
1-0: Fly out, F7 (Flyball, 7, EV 90.0 MPH)
Pinch Hitting: RHB James Lake 0-0: Ball
1-0: Ball
2-0: Ground out 4-3 (Groundball, 34, EV 106.3 MPH)
Top of the 5th over - 0 runs, 0 hits, 0 errors, 0 left on base; Gary SouthShore 2 - Kansas City 1
BOTTOM OF THE 5TH
Kansas City T-Bones batting - Pitching for Gary SouthShore RailCats : RHP Doug Meyer
Now in RF: Jose Perez
Batting: LHB Rich Russell 0-0: Ball
1-0: Fly out, F6 (Popup, 6S, EV 73.8 MPH)
Batting: SHB Jim Person 0-0: SINGLE (Line Drive, 4D, EV 103.8 MPH)
Batting: LHB Russ Hailer 0-0: Swinging Strike
0-1: Ball
1-1: Ground out 3-1 (Groundball, 13, EV 93.8 MPH)
Jim Person to second
Batting: RHB Eric Webber 0-0: SINGLE (Line Drive, 8RS, EV 101.3 MPH)
Jim Person to third
Batting: RHB Sal Rodas 0-0: Ball
1-0: SINGLE (Line Drive, 3D, EV 105.6 MPH)
Jim Person scores
Eric Webber to second
Batting: LHB Eric Anderson 0-0: Called Strike
0-1: Fielders Choice at 2nd, 6-4 (Groundball, 6, EV 87.5 MPH)
Bottom of the 5th over - 1 run, 3 hits, 0 errors, 2 left on base; Gary SouthShore 2 - Kansas City 2
TOP OF THE 6TH
Gary SouthShore RailCats batting - Pitching for Kansas City T-Bones : LHP Fernando Mendoza
Pitching: RHP Tim Thompson
Batting: RHB Ray Gold 0-0: Fly out, F4 (Popup, 4D, EV 55.0 MPH)
Pinch Hitting: LHB Corey Broughton 0-0: Swinging Strike
0-1: Ball
1-1: Ground out 4-3 (Groundball, 4, EV 101.3 MPH)
Batting: RHB Miguel Viera 0-0: Ball
1-0: Ball
2-0: Foul Ball, location: 9LDF
2-1: Foul Ball, location: 2F
2-2: Ball
3-2: Ground out 1-3 (Groundball, 13, EV 64.4 MPH)
Top of the 6th over - 0 runs, 0 hits, 0 errors, 0 left on base; Gary SouthShore 2 - Kansas City 2
BOTTOM OF THE 6TH
Kansas City T-Bones batting - Pitching for Gary SouthShore RailCats : RHP Doug Meyer
Pitching: LHP Steve Tamburrino
Now at 2B: Corey Broughton
Now at 3B: Willie Arroyo
Pinch Hitting: RHB Adam Gebhard 0-0: Ball
1-0: Called Strike
1-1: Foul Ball, location: 9LSF
1-2: DOUBLE (Line Drive, 5D, EV 96.3 MPH)
Batting: RHB Bryan Petrossian 0-0: Ball
1-0: Called Strike
1-1: SINGLE (Groundball, 2L, EV 68.8 MPH) (infield hit)
Adam Gebhard to third
Batting: LHB Ray Huzar 0-0: Foul Ball, location: 5F
0-1: Ball
1-1: Foul Ball, location: 7LSF
1-2: Ball
2-2: Strikes out looking
Pinch Hitting: LHB Nate Wamsley 0-0: Foul Ball, location: 3DF
0-1: Swinging Strike
0-2: Foul Ball, location: 25FF
0-2: Foul Ball, location: 25F
0-2: Ball
1-2: Ball
2-2: Ball
3-2: Foul Ball, location: 2F
3-2: 3-RUN HOME RUN (Flyball, 78XD, EV 90.6 MPH) (Inside the Park)
Pitching: RHP Steve Elia
Batting: SHB Jim Person 0-0: Ball
1-0: Ball
2-0: Called Strike
2-1: Called Strike
2-2: Ball
3-2: Foul Ball, location: 2F
3-2: Foul Ball, location: 2F
3-2: Base on Balls
Batting: LHB Russ Hailer 0-0: Ball
1-0: Fly out, F7 (Flyball, 7, EV 88.1 MPH)
Batting: RHB Eric Webber 0-0: SINGLE (Groundball, 4D, EV 98.8 MPH)
Jim Person to second
Runner from 2nd tries for 3rd, SAFE, no throw by CF
Batting: RHB Sal Rodas 0-0: SINGLE (Groundball, 6MD, EV 98.8 MPH)
Jim Person scores
Eric Webber to second
Runner from 2nd tries for 3rd, SAFE, throw by CF made to third
Batting: LHB Eric Anderson 0-0: SINGLE (Groundball, 4S, EV 64.4 MPH) (infield hit)
Eric Webber scores
Sal Rodas to second
Batting: RHB Adam Gebhard 0-0: Ball
1-0: Ball
2-0: Called Strike
2-1: Foul Ball, location: 7LDF
2-2: Foul Ball, location: 2F
2-2: Fielders Choice at 2nd, 6-4 (Groundball, 6, EV 101.9 MPH)
Bottom of the 6th over - 5 runs, 6 hits, 0 errors, 2 left on base; Gary SouthShore 2 - Kansas City 7
TOP OF THE 7TH
Gary SouthShore RailCats batting - Pitching for Kansas City T-Bones : RHP Tim Thompson
Pitching: RHP Mike Catalan
Now at 1B: Adam Gebhard
Now in LF: Eric Anderson
Now in RF: Nate Wamsley
Batting: RHB Eric Hicks 0-0: Ball
1-0: Foul Ball, location: 23F
1-1: Ball
2-1: Foul Ball, location: 7LDF
2-2: Fly out, F7 (Flyball, 78S, EV 75.0 MPH)
Batting: RHB Willie Arroyo 0-0: Called Strike
0-1: Swinging Strike
0-2: Ball
1-2: Ball
2-2: Foul Ball, location: 2F
2-2: Strikes out swinging
Batting: LHB Marco Landaverde 0-0: Ball
1-0: Foul Ball, location: 2F
1-1: Foul Ball, location: 3SF
1-2: Hit by Pitch
Batting: RHB Matt Rogers 0-0: Foul Ball, location: 23FF
0-1: Called Strike
0-2: Foul Ball, location: 25FF
0-2: Foul Ball, location: 2F
0-2: Ball
1-2: Ball
2-2: Ball
3-2: Ground out 5-3 (Groundball, 56S, EV 62.5 MPH)
Top of the 7th over - 0 runs, 0 hits, 0 errors, 1 left on base; Gary SouthShore 2 - Kansas City 7
BOTTOM OF THE 7TH
Kansas City T-Bones batting - Pitching for Gary SouthShore RailCats : RHP Steve Elia
Pitching: RHP Danny Nunez
Batting: RHB Bryan Petrossian 0-0: Ball
1-0: Ground out 5-3 (Groundball, 56, EV 90.0 MPH)
Batting: LHB Ray Huzar 0-0: Ball
1-0: DOUBLE (Flyball, 8RXD, EV 106.3 MPH)
Batting: LHB Nate Wamsley 0-0: Foul Ball, location: 2F
0-1: Foul Ball, location: 5FF
0-2: Ball
1-2: Ball
2-2: Ball
3-2: Foul Ball, location: 3SF
3-2: Foul Ball, location: 9LSF
3-2: Base on Balls
Batting: SHB Jim Person 0-0: Called Strike
0-1: Ball
1-1: Fly out, F7 (Flyball, 7, EV 88.8 MPH)
Batting: LHB Russ Hailer 0-0: Foul Ball, location: 9LDF
0-1: Ball
1-1: Foul Ball, location: 7LDF
1-2: Ball
2-2: Ground out 4-3 (Groundball, 4, EV 98.1 MPH)
Bottom of the 7th over - 0 runs, 1 hit, 0 errors, 2 left on base; Gary SouthShore 2 - Kansas City 7
TOP OF THE 8TH
Gary SouthShore RailCats batting - Pitching for Kansas City T-Bones : RHP Mike Catalan
Pitching: RHP Rogelio Vaquero
Batting: RHB Victor Padilla 0-0: Ball
1-0: Swinging Strike
1-1: Swinging Strike
1-2: Strikes out swinging
Batting: RHB Jose Perez 0-0: Foul Ball, location: 3FF
0-1: DOUBLE (Flyball, 8RXD, EV 94.4 MPH)
Batting: RHB Ray Gold 0-0: Ball
1-0: Ball
2-0: Ball
3-0: Called Strike
3-1: Swinging Strike
3-2: Foul Ball, location: 5F
3-2: Strikes out swinging
Batting: LHB Corey Broughton 0-0: 2-RUN HOME RUN (Line Drive, 89XD, EV 111.9 MPH), Distance : 423 ft
Batting: RHB Miguel Viera 0-0: Ball
1-0: SINGLE (Groundball, 6S, EV 65.6 MPH) (infield hit)
Batting: RHB Eric Hicks 0-0: Foul Ball, location: 5FF
0-1: Foul Ball, location: 2F
0-2: Ball
1-2: Fly out, F9 (Flyball, 89M, EV 88.1 MPH)
Top of the 8th over - 2 runs, 3 hits, 0 errors, 1 left on base; Gary SouthShore 4 - Kansas City 7
BOTTOM OF THE 8TH
Kansas City T-Bones batting - Pitching for Gary SouthShore RailCats : RHP Danny Nunez
Batting: RHB Eric Webber 0-0: Called Strike
0-1: Foul Ball, location: 3SF
0-2: Foul Ball, location: 5FF
0-2: Ball
1-2: Strikes out swinging
Batting: RHB Sal Rodas 0-0: Ground out 4-3 (Groundball, 4, EV 96.9 MPH)
Batting: LHB Eric Anderson 0-0: Ground out 4-3 (Groundball, 4M, EV 106.3 MPH)
Bottom of the 8th over - 0 runs, 0 hits, 0 errors, 0 left on base; Gary SouthShore 4 - Kansas City 7
TOP OF THE 9TH
Gary SouthShore RailCats batting - Pitching for Kansas City T-Bones : RHP Rogelio Vaquero
Pitching: RHP Steve Mangan
Batting: RHB Willie Arroyo 0-0: Ball
1-0: Foul Ball, location: 9LDF
1-1: Ground out 6-3 (Groundball, 6, EV 110.0 MPH)
Batting: LHB Marco Landaverde 0-0: Ball
1-0: Ball
2-0: Called Strike
2-1: Ball
3-1: Swinging Strike
3-2: Base on Balls
Batting: RHB Matt Rogers 0-0: SINGLE (Line Drive, 4D, EV 106.9 MPH)
Marco Landaverde to second
Batting: RHB Victor Padilla 0-0: Swinging Strike
0-1: Foul Ball, location: 25FF
0-2: Fielders Choice at 2nd, 6-4 (Groundball, 6, EV 90.0 MPH)
Marco Landaverde to third
Batting: RHB Jose Perez 0-0: Swinging Strike
0-1: Ball
1-1: Called Strike
1-2: Ball
2-2: Strikes out swinging
Top of the 9th over - 0 runs, 1 hit, 0 errors, 2 left on base; Gary SouthShore 4 - Kansas City 7
Saturday, May 4th , 2024 - OOTP Baseball 24.11 Build 85